 Dungeon Crawl Stone Soup version 0.29-a0-298-g3c90f9a769 (webtiles) character file.

Game seed: 1538894161719478286

18 kae the Firebug (level 2, -2/16 HPs)
             Began as a Tengu Fire Elementalist on Mar 22, 2022.
             Slain by an adder (4 damage)
             ... on level 2 of the Dungeon.
             The game lasted 00:00:28 (782 turns).

kae the Firebug (Tengu Fire Elementalist)            Turns: 782, Time: 00:00:28

Health: -2/16      AC:  2    Str:  8    XL:     2   Next: 70%
Magic:  2/6        EV: 12    Int: 15    God:
Gold:   92         SH:  0    Dex: 14    Spells: 4/5 levels left

rFire   . . .      SeeInvis .   (no weapon)
rCold   . . .      Faith    .   (no shield)
rNeg    . . .      Spirit   .   a - +0 robe
rPois   .          Reflect  .   (helmet restricted)
rElec   .          Harm     .   (no cloak)
rCorr   .          Rampage  .   (no gloves)
Will    .....                   (boots unavailable)
Stlth   ++........              (no amulet)
HPRegen 0.05/turn               (no ring)
MPRegen 0.10/turn               (no ring)

@: no status effects
A: beak, talons 3
a: no special abilities


You were on level 2 of the Dungeon.
You visited 1 branch of the dungeon, and saw 2 of its levels.

You collected 92 gold pieces.

Inventory:

Armour
 a - a +0 robe (worn)
Scrolls
 c - a scroll of acquirement {unknown}
Potions
 b - a potion of magic


   Skills:
 + Level 0.8 Fighting
 - Level 2.1 Dodging
 - Level 2.0 Stealth
 + Level 2.2 Spellcasting
 + Level 2.0 Conjurations
 * Level 3.7 Fire Magic


You had 4 spell levels left.
You knew the following spells:

 Your Spells              Type           Power      Damage    Failure   Level
a - Foxfire               Conj/Fire      40%        2x1d6     7%          1

Your spell library contained the following spells:

 Spells                   Type           Power      Damage    Failure   Level
 Scorch                   Fire           24%        2d6       7%          2
 Conjure Flame            Conj/Fire      10%        6-21      21%         3
 Inner Flame              Hex/Fire       7%         N/A       30%         3
 Flame Wave               Conj/Fire      10%        2d5       54%         4


Dungeon Overview and Level Annotations

Branches:
Dungeon (2/15)

Altars:


Innate Abilities, Weirdness & Mutations

You have a beak for a mouth.
You have claws for feet.


Message History

The air around you briefly surges with heat, but it dissipates.
It was a scroll of immolation.
Unknown command.
As you read the scroll labelled OVOKKE CITUMO, it crumbles to dust.
You assume a fearsome visage.
Nothing appears to happen.
It was a scroll of fear.
Unknown command.
c - a scroll labelled HAGYTT TETA An adder comes into view.
The adder hisses angrily.
An adder is nearby!
An adder is nearby!
An adder is nearby!
Casting: Foxfire (safe; 7% risk of failure)
Confirm with . or Enter, or press ? or * to list all spells.
You conjure some foxfire!
The foxfire hits the adder but does no damage.
The foxfire hits the adder.
The adder is moderately wounded.
The adder bites you.
Casting: Foxfire (safe; 7% risk of failure)
Confirm with . or Enter, or press ? or * to list all spells.
You conjure some foxfire!
The adder closely misses you.
The foxfire hits the adder.
The adder is heavily wounded.
The adder bites you.
Casting: Foxfire (safe; 7% risk of failure)
Confirm with . or Enter, or press ? or * to list all spells.
You conjure some foxfire!
The adder bites you.
The foxfire hits the adder.
The adder is almost dead.
The adder bites you. x2
* * * LOW HITPOINT WARNING * * *
Casting: Foxfire (safe; 7% risk of failure)
Confirm with . or Enter, or press ? or * to list all spells.
You conjure some foxfire!
The adder bites you but does no damage.
The foxfire hits the adder.
The adder is almost dead.
The adder bites you.
You die...

### ..# #.# ..+
#.# # #.# . ###S#
#.#..@#
###+##.#.###
..........#######
.....#+#..)......
.................
.................
.......<.........
.................
###.#........#+##


You could see an adder.

Vanquished Creatures
  3 ball pythons (D:1)
  2 bats (D:1)
  2 endoplasms (D:1)
  2 giant cockroaches (D:1)
  2 hobgoblins (D:1)
  A kobold (D:1)
  A quokka (D:1)
  A rat (D:1)
14 creatures vanquished.

Vanquished Creatures (others)
  55 foxfires
55 creatures vanquished.

Grand Total: 69 creatures vanquished

Notes
Turn   | Place    | Note
-------+----------+-------------------------------------------
     0 | D:1      | kae the Tengu Fire Elementalist began the quest for the
                  | Orb.
     0 | D:1      | Reached XP level 1. HP: 10/10 MP: 4/4
   170 | D:1      | Reached XP level 2. HP: 16/16 MP: 3/6
   782 | D:2      | Slain by an adder

Illustrated notes

Levels and vault maps discovered:
D:1:      heliophobic_arrival_battle_scene, layout_basic
D:2:      layout_basic, grunt_ministairs_1, nrook_mini_vaults, uniq_sigmund

Skill      XL: |  1  2 |
---------------+-------+-----
Conjurations   | 2 |  2.0
Fighting       | |  0.8
Dodging        | |  2.1
Stealth        | |  2.0
Spellcasting   | |  2.2
Fire Magic     | |  3.7

Action                   || total
-------------------------++-------
Melee: Unarmed           ||     3
       Kick              ||     1
 Cast: Foxfire           ||    31
  Use: Scroll            ||     2
Armor: Robe              ||     1
Dodge: Dodged            ||     5

Table legend: (Time is in decaauts)
 A = Elapsed time spent in this place.
 B = Non-inter-level travel time spent in this place.
 C = Inter-level travel time spent in this place.
 D = Time resting spent in this place.
 E = Time spent auto-exploring this place.
 F = Levels seen in this place.
 G = Mean time per level.
                   A        B        C        D        E       F      G
               +--------+--------+--------+--------+--------+-----+--------+
         Total |    781 |    755 |     26 |      0 |    643 |   2 |  390.5 |
       Dungeon |    781 |    755 |     26 |      0 |    643 |   2 |  390.5 |
               +--------+--------+--------+--------+--------+-----+--------+

Top non-repeatable levels by time:
     D:1: 764 daAuts
     D:2: 17 daAuts
